TOP OF THE 1ST |
Princeton Rays batting - Pitching for Baltimore (APP) Orioles : RHP Adam Browne
|
Pitching: RHP Adam Browne
|
|
Batting: SHB Chris Lockart
|
0-0: Called Strike 0-1: Ball 1-1: Ground out 4-3 (Groundball, 4M, EV 105.6 MPH)
|
Batting: RHB Dan Marks
|
0-0: Called Strike 0-1: Ball 1-1: Ball 2-1: Ball 3-1: Base on Balls
|
Batting: LHB Rocky Crowley
|
0-0: Ball 1-0: Foul Ball, location: 2F 1-1: Fielders Choice at 2nd, 1-6 (Groundball, 13S, EV 70.6 MPH)
|
Batting: RHB Wil Urban
|
0-0: Ball 1-0: Called Strike 1-1: Ball 2-1: Foul Ball, location: 2F 2-2: Foul Ball, location: 2F 2-2: Strikes out looking
|
Top of the 1st over - 0 runs, 0 hits, 0 errors, 1 left on base; Princeton 0 - Baltimore (APP) 0 |
BOTTOM OF THE 1ST |
Baltimore (APP) Orioles batting - Pitching for Princeton Rays : LHP Chris Bates
|
Pitching: LHP Chris Bates
|
|
Batting: RHB Jeremy Sipe
|
0-0: Called Strike 0-1: Ball 1-1: Foul Ball, location: 2F 1-2: Fly out, F7 (Flyball, 78M, EV 90.0 MPH)
|
Batting: RHB Mike Zepeda
|
0-0: Ball 1-0: Fly out, F9 (Flyball, 9LM, EV 88.1 MPH)
|
Batting: RHB J.J. Basil
|
0-0: Ball 1-0: Foul Ball, location: 2F 1-1: Swinging Strike 1-2: Strikes out looking
|
Bottom of the 1st over - 0 runs, 0 hits, 0 errors, 0 left on base; Princeton 0 - Baltimore (APP) 0 |
TOP OF THE 2ND |
Princeton Rays batting - Pitching for Baltimore (APP) Orioles : RHP Adam Browne
|
Batting: SHB Wayne Hattan
|
0-0: Called Strike 0-1: Ball 1-1: Called Strike 1-2: Ball 2-2: Ball 3-2: Fly out, F7 (Flyball, 78M, EV 83.8 MPH)
|
Batting: RHB James Huddleston
|
0-0: Ball 1-0: Ball 2-0: Fly out, F8 (Flyball, 8RM, EV 76.9 MPH)
|
Batting: RHB Chris Thorson
|
0-0: Called Strike 0-1: Swinging Strike 0-2: Ball 1-2: Foul Ball, location: 2F 1-2: Fly out, F5 (Popup, 5S, EV 81.2 MPH)
|
Top of the 2nd over - 0 runs, 0 hits, 0 errors, 0 left on base; Princeton 0 - Baltimore (APP) 0 |
BOTTOM OF THE 2ND |
Baltimore (APP) Orioles batting - Pitching for Princeton Rays : LHP Chris Bates
|
Batting: LHB Justin Alworth
|
0-0: Called Strike 0-1: Ball 1-1: Ball 2-1: Foul Ball, location: 2F 2-2: Strikes out looking
|
Batting: RHB Fernando Bravo
|
0-0: Called Strike 0-1: Called Strike 0-2: Foul Ball, location: 2F 0-2: Ball 1-2: Ball 2-2: Foul Ball, location: 2F 2-2: Ball 3-2: Ground out 6-3 (Groundball, 6, EV 86.9 MPH)
|
Batting: LHB Antonio Cantu
|
0-0: Ball 1-0: Ball 2-0: Ground out 6-3 (Groundball, 6, EV 86.9 MPH)
|
Bottom of the 2nd over - 0 runs, 0 hits, 0 errors, 0 left on base; Princeton 0 - Baltimore (APP) 0 |
TOP OF THE 3RD |
Princeton Rays batting - Pitching for Baltimore (APP) Orioles : RHP Adam Browne
|
Batting: RHB Kunizo Yanagisawa
|
0-0: Called Strike 0-1: Ball 1-1: Ball 2-1: Ball 3-1: Called Strike 3-2: Ground out 5-3 (Groundball, 56S, EV 85.6 MPH)
|
Batting: RHB Jim Erdody
|
0-0: Ball 1-0: Called Strike 1-1: Ball 2-1: Called Strike 2-2: Ball 3-2: Ground out 6-3 (Groundball, 6, EV 104.4 MPH)
|
Batting: SHB Chris Lockart
|
0-0: Ball 1-0: Swinging Strike 1-1: Ball 2-1: Foul Ball, location: 2F 2-2: Strikes out swinging
|
Top of the 3rd over - 0 runs, 0 hits, 0 errors, 0 left on base; Princeton 0 - Baltimore (APP) 0 |
BOTTOM OF THE 3RD |
Baltimore (APP) Orioles batting - Pitching for Princeton Rays : LHP Chris Bates
|
Batting: RHB Matt O'Dea
|
0-0: Foul Ball, location: 2F 0-1: Ball 1-1: Ball 2-1: TRIPLE (Flyball, 78XD, EV 108.1 MPH)
|
Batting: RHB Ioan Biros
|
0-0: Ball 1-0: Called Strike 1-1: Called Strike 1-2: DOUBLE (Line Drive, 7LM, EV 101.2 MPH) Matt O'Dea scores
|
Batting: LHB Rodolfo Montes
|
0-0: Ball 1-0: Ground out 4-3 (Groundball, 4, EV 82.5 MPH) Ioan Biros to third
|
Batting: RHB Jeremy Sipe
|
0-0: Called Strike 0-1: Foul Ball, location: 2F 0-2: Ball 1-2: Reached on error, E5 (Groundball, 56, EV 103.1 MPH) Ioan Biros scores
|
Batting: RHB Mike Zepeda
|
0-0: Ball Jeremy Sipe steals 2nd base 1-0: Foul Ball, location: 2F 1-1: Ball 2-1: Foul Ball, location: 2F 2-2: Foul Ball, location: 2F 2-2: Ball 3-2: Foul Ball, location: 2F 3-2: Ground out 5-3 (Groundball, 56, EV 87.5 MPH)
|
Batting: RHB J.J. Basil
|
0-0: Called Strike 0-1: Called Strike 0-2: Strikes out swinging
|
Bottom of the 3rd over - 2 runs, 2 hits, 1 error, 1 left on base; Princeton 0 - Baltimore (APP) 2 |
TOP OF THE 4TH |
Princeton Rays batting - Pitching for Baltimore (APP) Orioles : RHP Adam Browne
|
Batting: RHB Dan Marks
|
0-0: Swinging Strike 0-1: Swinging Strike 0-2: Strikes out swinging
|
Batting: LHB Rocky Crowley
|
0-0: Ball 1-0: Ball 2-0: Called Strike 2-1: Ball 3-1: Base on Balls
|
Batting: RHB Wil Urban
|
0-0: Foul Ball, location: 2F 0-1: Fly out, F8 (Flyball, 8RXD, EV 95.0 MPH)
|
Batting: SHB Wayne Hattan
|
0-0: Ball 1-0: Ball 2-0: Foul Ball, location: 2F 2-1: Foul Ball, location: 2F 2-2: Ground out 4-3 (Groundball, 4, EV 105.6 MPH)
|
Top of the 4th over - 0 runs, 0 hits, 0 errors, 1 left on base; Princeton 0 - Baltimore (APP) 2 |
BOTTOM OF THE 4TH |
Baltimore (APP) Orioles batting - Pitching for Princeton Rays : LHP Chris Bates
|
Batting: LHB Justin Alworth
|
0-0: Ball 1-0: Ball 2-0: Fly out, F1 (Line Drive, P, EV 70.6 MPH)
|
Batting: RHB Fernando Bravo
|
0-0: Ball 1-0: Called Strike 1-1: Foul Ball, location: 2F 1-2: Foul Ball, location: 2F 1-2: Ball 2-2: Fly out, F7 (Flyball, 7, EV 97.5 MPH)
|
Batting: LHB Antonio Cantu
|
0-0: Ball 1-0: Fly out, F8 (Flyball, 89D, EV 105.6 MPH)
|
Bottom of the 4th over - 0 runs, 0 hits, 0 errors, 0 left on base; Princeton 0 - Baltimore (APP) 2 |
TOP OF THE 5TH |
Princeton Rays batting - Pitching for Baltimore (APP) Orioles : RHP Adam Browne
|
Batting: RHB James Huddleston
|
0-0: Ball 1-0: Ball 2-0: Ball 3-0: Called Strike 3-1: Swinging Strike 3-2: Strikes out swinging
|
Batting: RHB Chris Thorson
|
0-0: Ball 1-0: Foul Ball, location: 2F 1-1: Foul Ball, location: 2F 1-2: SINGLE (Line Drive, 3D, EV 96.9 MPH)
|
Batting: RHB Kunizo Yanagisawa
|
0-0: Called Strike 0-1: Called Strike 0-2: Ball 1-2: Foul Ball, location: 2F 1-2: Strikes out swinging
|
Batting: RHB Jim Erdody
|
0-0: Ball 1-0: Ball 2-0: Called Strike 2-1: Foul Ball, location: 2F 2-2: Strikes out swinging
|
Top of the 5th over - 0 runs, 1 hit, 0 errors, 1 left on base; Princeton 0 - Baltimore (APP) 2 |
BOTTOM OF THE 5TH |
Baltimore (APP) Orioles batting - Pitching for Princeton Rays : LHP Chris Bates
|
Batting: RHB Matt O'Dea
|
0-0: Foul Ball, location: 2F 0-1: Ball 1-1: Ball 2-1: Swinging Strike 2-2: Ground out 6-3 (Groundball, 6D, EV 89.4 MPH)
|
Batting: RHB Ioan Biros
|
0-0: Called Strike 0-1: Ball 1-1: Foul Ball, location: 2F 1-2: Ball 2-2: Ball 3-2: Fly out, F6 (Popup, 56, EV 60.0 MPH)
|
Batting: LHB Rodolfo Montes
|
0-0: SINGLE (Groundball, 6S, EV 65.6 MPH) (infield hit)
|
Batting: RHB Jeremy Sipe
|
0-0: Called Strike 0-1: Ball 1-1: Swinging Strike 1-2: Strikes out swinging, 2-3 out at first.
|
Bottom of the 5th over - 0 runs, 1 hit, 0 errors, 1 left on base; Princeton 0 - Baltimore (APP) 2 |
TOP OF THE 6TH |
Princeton Rays batting - Pitching for Baltimore (APP) Orioles : RHP Adam Browne
|
Batting: SHB Chris Lockart
|
0-0: Foul Ball, location: 2F 0-1: Ball 1-1: Fly out, F7 (Flyball, 7D, EV 86.9 MPH)
|
Batting: RHB Dan Marks
|
0-0: Called Strike 0-1: Ball 1-1: Ball 2-1: SINGLE (Line Drive, 9S, EV 101.2 MPH)
|
Batting: LHB Rocky Crowley
|
0-0: Ball 1-0: Ball 2-0: Foul Ball, location: 2F 2-1: Fielders Choice at 2nd, 5-4 (Groundball, 5, EV 85.6 MPH)
|
Batting: RHB Wil Urban
|
0-0: Swinging Strike 0-1: Ball 1-1: Called Strike 1-2: Ball 2-2: Strikes out looking
|
Top of the 6th over - 0 runs, 1 hit, 0 errors, 1 left on base; Princeton 0 - Baltimore (APP) 2 |
BOTTOM OF THE 6TH |
Baltimore (APP) Orioles batting - Pitching for Princeton Rays : LHP Chris Bates
|
Batting: RHB Mike Zepeda
|
0-0: Ball 1-0: Ball 2-0: Swinging Strike 2-1: Foul Ball, location: 2F 2-2: Ball 3-2: Fly out, F6 (Popup, 6M, EV 71.2 MPH)
|
Pitching: RHP Ron Garrett
|
|
Batting: RHB J.J. Basil
|
0-0: Ball 1-0: Reached on error, E5 (Groundball, 56, EV 83.8 MPH)
|
Batting: LHB Justin Alworth
|
0-0: Fielders Choice at 2nd, 5-4 (Groundball, 56, EV 105.0 MPH)
|
Batting: RHB Fernando Bravo
|
0-0: Called Strike 0-1: Foul Ball, location: 2F 0-2: Foul Ball, location: 2F 0-2: Ball 1-2: SINGLE (Line Drive, 6D, EV 106.9 MPH) Justin Alworth to second
|
Batting: LHB Antonio Cantu
|
0-0: Ball 1-0: Fly out, F4 (Popup, 4, EV 62.5 MPH)
|
Bottom of the 6th over - 0 runs, 1 hit, 1 error, 2 left on base; Princeton 0 - Baltimore (APP) 2 |
TOP OF THE 7TH |
Princeton Rays batting - Pitching for Baltimore (APP) Orioles : RHP Adam Browne
|
Pitching: RHP Steve Webb
|
|
Batting: SHB Wayne Hattan
|
0-0: Ball 1-0: Swinging Strike 1-1: Ball 2-1: Foul Ball, location: 2F 2-2: Strikes out swinging
|
Batting: RHB James Huddleston
|
0-0: Called Strike 0-1: Ball 1-1: Foul Ball, location: 2F 1-2: Ball 2-2: Strikes out swinging
|
Batting: RHB Chris Thorson
|
0-0: Swinging Strike 0-1: Ball 1-1: Ground out 5-3 (Groundball, 5L, EV 78.1 MPH)
|
Top of the 7th over - 0 runs, 0 hits, 0 errors, 0 left on base; Princeton 0 - Baltimore (APP) 2 |
BOTTOM OF THE 7TH |
Baltimore (APP) Orioles batting - Pitching for Princeton Rays : RHP Ron Garrett
|
Batting: RHB Matt O'Dea
|
0-0: Foul Ball, location: 2F 0-1: Ball 1-1: Called Strike 1-2: SINGLE (Groundball, 6MD, EV 94.4 MPH)
|
Batting: RHB Ioan Biros
|
0-0: Ball 1-0: Ball 2-0: Ball 3-0: Base on Balls Matt O'Dea to second
|
Batting: LHB Rodolfo Montes
|
0-0: Bunt missed! 0-1: Bunted foul 0-2: Fielders Choice at 2nd, 6-4 (Groundball, 6, EV 102.5 MPH) Matt O'Dea to third
|
Batting: RHB Jeremy Sipe
|
0-0: Ball Passed Ball! Matt O'Dea scores Rodolfo Montes to second 1-0: DOUBLE (Flyball, 8LXD, EV 98.1 MPH) Rodolfo Montes scores
|
Batting: RHB Mike Zepeda
|
0-0: Called Strike 0-1: Ball 1-1: Swinging Strike 1-2: Ball 2-2: Foul Ball, location: 2F 2-2: Ball 3-2: Foul Ball, location: 2F 3-2: Foul Ball, location: 2F 3-2: Foul Ball, location: 2F 3-2: Foul Ball, location: 2F 3-2: Ground out 4-3 (Groundball, 4M, EV 101.2 MPH) Jeremy Sipe to third
|
Batting: RHB J.J. Basil
|
0-0: Called Strike 0-1: Ball 1-1: Foul Ball, location: 2F 1-2: Ball 2-2: Ball 3-2: Strikes out swinging
|
Bottom of the 7th over - 2 runs, 2 hits, 0 errors, 1 left on base; Princeton 0 - Baltimore (APP) 4 |
TOP OF THE 8TH |
Princeton Rays batting - Pitching for Baltimore (APP) Orioles : RHP Steve Webb
|
Pitching: RHP Oscar Chacon
|
|
Batting: RHB Kunizo Yanagisawa
|
0-0: DOUBLE (Line Drive, 9LM, EV 88.1 MPH)
|
Batting: RHB Jim Erdody
|
0-0: Ball Wild Pitch! Kunizo Yanagisawa to third 1-0: Ball Wild Pitch! Kunizo Yanagisawa scores 2-0: Ball 3-0: Called Strike 3-1: Base on Balls
|
Pitching: RHP Chris Kimura
|
|
Batting: SHB Chris Lockart
|
0-0: Called Strike 0-1: Called Strike 0-2: Ball 1-2: Ball 2-2: Foul Ball, location: 2F 2-2: Foul Ball, location: 2F 2-2: Strikes out looking
|
Batting: RHB Dan Marks
|
0-0: Ball 1-0: Called Strike 1-1: Fielders Choice at 2nd, 6-4 (Groundball, 6S, EV 85.0 MPH)
|
Batting: LHB Rocky Crowley
|
0-0: Ball 1-0: 2-RUN HOME RUN (Flyball, 89XD, EV 107.5 MPH), Distance : 435 ft
|
Batting: RHB Wil Urban
|
0-0: Swinging Strike 0-1: Swinging Strike 0-2: Foul Ball, location: 2F 0-2: Ball 1-2: Foul Ball, location: 2F 1-2: Strikes out swinging
|
Top of the 8th over - 3 runs, 2 hits, 0 errors, 0 left on base; Princeton 3 - Baltimore (APP) 4 |
BOTTOM OF THE 8TH |
Baltimore (APP) Orioles batting - Pitching for Princeton Rays : RHP Ron Garrett
|
Pitching: RHP Austin Gambrell
|
|
Batting: LHB Justin Alworth
|
0-0: Ball 1-0: Foul Ball, location: 2F 1-1: Called Strike 1-2: Foul Ball, location: 2F 1-2: Foul Ball, location: 2F 1-2: Ball 2-2: Ball 3-2: Foul Ball, location: 2F 3-2: Fly out, F9 (Flyball, 9LS, EV 90.0 MPH)
|
Batting: RHB Fernando Bravo
|
0-0: Called Strike 0-1: Swinging Strike 0-2: Ground out 4-3 (Groundball, 4, EV 100.0 MPH)
|
Batting: LHB Antonio Cantu
|
0-0: Called Strike 0-1: Ball 1-1: Swinging Strike 1-2: SINGLE (Groundball, 4D, EV 100.0 MPH)
|
Batting: RHB Matt O'Dea
|
0-0: Ball 1-0: Called Strike 1-1: Swinging Strike 1-2: Foul Ball, location: 2F 1-2: Ball 2-2: Strikes out looking
|
Bottom of the 8th over - 0 runs, 1 hit, 0 errors, 1 left on base; Princeton 3 - Baltimore (APP) 4 |
TOP OF THE 9TH |
Princeton Rays batting - Pitching for Baltimore (APP) Orioles : RHP Chris Kimura
|
Batting: SHB Wayne Hattan
|
0-0: Called Strike 0-1: Swinging Strike 0-2: Ball 1-2: Foul Ball, location: 2F 1-2: Ground out 1-3 (Groundball, 34S, EV 70.6 MPH)
|
Pinch Hitting: LHB Josh Redfern
|
0-0: Called Strike 0-1: Ball 1-1: Ball 2-1: Ball 3-1: Base on Balls
|
Pinch Hitting: SHB Berthold Frey
|
0-0: Ball 1-0: Swinging Strike 1-1: Ground out U3 (Groundball, 3, EV 91.2 MPH) Josh Redfern to second
|
Pinch Hitting: LHB Zach Rose
|
0-0: Called Strike 0-1: Swinging Strike 0-2: Ball 1-2: DOUBLE (Line Drive, 78D, EV 105.0 MPH) Josh Redfern scores
|
Batting: RHB Jim Erdody
|
0-0: Ball 1-0: Ball 2-0: Foul Ball, location: 2F 2-1: Called Strike 2-2: Strikes out looking
|
Top of the 9th over - 1 run, 1 hit, 0 errors, 1 left on base; Princeton 4 - Baltimore (APP) 4 |
BOTTOM OF THE 9TH |
Baltimore (APP) Orioles batting - Pitching for Princeton Rays : RHP Austin Gambrell
|
Pitching: RHP Cody Wilharm
|
|
Now at C: Jon Gonzales
|
|
Now at 2B: Jim Lind
|
|
Now at 3B: Zach Rose
|
|
Batting: RHB Ioan Biros
|
0-0: Ball 1-0: Ground out 6-3 (Groundball, 6, EV 89.4 MPH)
|
Batting: LHB Rodolfo Montes
|
0-0: Foul Ball, location: 2F 0-1: Ball 1-1: Swinging Strike 1-2: Strikes out swinging
|
Batting: RHB Jeremy Sipe
|
0-0: Called Strike 0-1: SINGLE (Groundball, 5S, EV 70.6 MPH) (infield hit)
|
Batting: RHB Mike Zepeda
|
0-0: Ball Jeremy Sipe steals 2nd base 1-0: Called Strike 1-1: Foul Ball, location: 2F 1-2: Strikes out swinging
|
Bottom of the 9th over - 0 runs, 1 hit, 0 errors, 1 left on base; Princeton 4 - Baltimore (APP) 4 |
TOP OF THE 10TH |
Princeton Rays batting - Pitching for Baltimore (APP) Orioles : RHP Chris Kimura
|
Batting: SHB Chris Lockart
|
0-0: Ball 1-0: Called Strike 1-1: Foul Ball, location: 2F 1-2: Foul Ball, location: 2F 1-2: Ball 2-2: Strikes out swinging
|
Batting: RHB Dan Marks
|
0-0: Ball 1-0: Ground out 4-3 (Groundball, 4, EV 81.9 MPH)
|
Batting: LHB Rocky Crowley
|
0-0: Called Strike 0-1: Called Strike 0-2: Strikes out swinging
|
Top of the 10th over - 0 runs, 0 hits, 0 errors, 0 left on base; Princeton 4 - Baltimore (APP) 4 |
BOTTOM OF THE 10TH |
Baltimore (APP) Orioles batting - Pitching for Princeton Rays : RHP Cody Wilharm
|
Batting: RHB J.J. Basil
|
0-0: Called Strike 0-1: SINGLE (Groundball, 56D, EV 97.5 MPH)
|
Batting: LHB Justin Alworth
|
0-0: Ball J.J. Basil is caught stealing 2nd base 2-6 1-0: Ball 2-0: Ground out 1-3 (Groundball, 13S, EV 71.2 MPH)
|
Batting: RHB Fernando Bravo
|
0-0: Called Strike 0-1: Ball 1-1: Ground out 3-1 (Groundball, 34S, EV 83.1 MPH)
|
Bottom of the 10th over - 0 runs, 1 hit, 0 errors, 0 left on base; Princeton 4 - Baltimore (APP) 4 |
TOP OF THE 11TH |
Princeton Rays batting - Pitching for Baltimore (APP) Orioles : RHP Chris Kimura
|
Batting: RHB Wil Urban
|
0-0: Foul Ball, location: 2F 0-1: Foul Ball, location: 2F 0-2: Foul Ball, location: 2F 0-2: Ball 1-2: Ball 2-2: Strikes out swinging
|
Pitching: RHP Frank Caillouet
|
|
Batting: SHB Wayne Hattan
|
0-0: Called Strike 0-1: Called Strike 0-2: Strikes out swinging
|
Batting: RHB Jon Gonzales
|
0-0: Called Strike 0-1: Foul Ball, location: 2F 0-2: Ball 1-2: Ground out 5-3 (Groundball, 5, EV 81.9 MPH)
|
Top of the 11th over - 0 runs, 0 hits, 0 errors, 0 left on base; Princeton 4 - Baltimore (APP) 4 |
BOTTOM OF THE 11TH |
Baltimore (APP) Orioles batting - Pitching for Princeton Rays : RHP Cody Wilharm
|
Batting: LHB Antonio Cantu
|
0-0: Ground out 6-3 (Groundball, 6, EV 100.0 MPH)
|
Now at SS: Lou Kroneman
|
|
Batting: RHB Matt O'Dea
|
0-0: Swinging Strike 0-1: Called Strike 0-2: Ball 1-2: Strikes out swinging
|
Batting: RHB Ioan Biros
|
0-0: Called Strike 0-1: Called Strike 0-2: Ball 1-2: Strikes out swinging
|
Bottom of the 11th over - 0 runs, 0 hits, 0 errors, 0 left on base; Princeton 4 - Baltimore (APP) 4 |
TOP OF THE 12TH |
Princeton Rays batting - Pitching for Baltimore (APP) Orioles : RHP Frank Caillouet
|
Batting: RHB Jim Lind
|
0-0: Ball 1-0: Ball 2-0: Foul Ball, location: 2F 2-1: Foul Ball, location: 2F 2-2: TRIPLE (Flyball, 78XD, EV 106.9 MPH)
|
Batting: LHB Zach Rose
|
0-0: Foul Ball, location: 2F 0-1: Ball 1-1: Ball 2-1: Swinging Strike 2-2: Strikes out swinging
|
Batting: SHB Lou Kroneman
|
0-0: Intentional Walk
|
Batting: SHB Chris Lockart
|
0-0: Ball 1-0: Foul Ball, location: 2F 1-1: Swinging Strike 1-2: Ball 2-2: Ball 3-2: Fielders Choice at 2nd, 6-4 (Groundball, 6, EV 105.0 MPH) Jim Lind scores
|
Batting: RHB Dan Marks
|
0-0: Called Strike 0-1: Foul Ball, location: 2F 0-2: Foul Ball, location: 2F 0-2: Ball 1-2: Ball Chris Lockart steals 2nd base 2-2: Ball 3-2: SINGLE (Groundball, 6MD, EV 106.2 MPH) Chris Lockart to third Runner from 3rd tries for Home, SAFE, throw by CF to home
|
Pitching: LHP Randall Rennie
|
|
Batting: LHB Rocky Crowley
|
0-0: Called Strike 0-1: Swinging Strike 0-2: Ball 1-2: Strikes out swinging
|
Top of the 12th over - 2 runs, 2 hits, 0 errors, 1 left on base; Princeton 6 - Baltimore (APP) 4 |
BOTTOM OF THE 12TH |
Baltimore (APP) Orioles batting - Pitching for Princeton Rays : RHP Cody Wilharm
|
Batting: LHB Rodolfo Montes
|
0-0: Ground out 6-3 (Groundball, 56, EV 91.9 MPH)
|
Batting: RHB Jeremy Sipe
|
0-0: Ball 1-0: Ball 2-0: Fly out, F8 (Flyball, 78XD, EV 81.9 MPH)
|
Batting: RHB Mike Zepeda
|
0-0: Ball 1-0: Called Strike 1-1: Called Strike 1-2: Foul Ball, location: 2F 1-2: Strikes out swinging
|
Bottom of the 12th over - 0 runs, 0 hits, 0 errors, 0 left on base; Princeton 6 - Baltimore (APP) 4 |
|